Monarchs vs Sewer Rats
Created - January 10, 2020 at 19:18
Goals
|
| Monarchs |
1 |
1 |
1 |
1 |
4 |
| Sewer Rats |
1 |
1 |
1 |
0 |
3 |
|
Shots
|
| Monarchs |
8 |
12 |
6 |
1 |
27 |
| Sewer Rats |
11 |
12 |
6 |
0 |
29 |
|
1st period
1. Sewer Rats , Joseph Blandisi 4 (Erik Condra 19, Jonathan Marchessault 19) at 14:54
2. Monarchs , Max Domi 13 (William Nylander 16, Brayden Point 10) at 15:37 (PP)
Penalties :
Brayden Point (MAN) for Interference (Minor) at 6:44, Dmitrij Jaskin (Tol) for Hooking (Minor) at 15:32, Steven Kampfer (Tol) for Roughing (Minor) at 16:00
2nd period
3. Sewer Rats , Mark Mancari 24 (Vincent Trocheck 40, Ryan Murphy 7) at 11:15
4. Monarchs , Max Domi 14 (William Nylander 17, Keith Yandle 7) at 13:33 (PP)
Penalties :
Keith Yandle (MAN) for Slashing (Minor) at 5:13, Daniel Carr (Tol) for Delaying the game (Minor) at 13:02
3rd period
5. Sewer Rats , Mark Mancari 25 (Steven Kampfer 23, Vincent Trocheck 41) at 0:06
6. Monarchs , Max Domi 15 (Brayden Point 11, Keith Yandle 8) at 19:20
Penalties :
Ryan Murphy (Tol) for Close Hand On Puck (Minor) at 8:09
Overtime #1
7. Monarchs , Andreas Martinsen 28 (Tom Wilson 13, Morgan Rielly 11) at 0:47
Penalties :
No Penalty
Goalie Stats
Alex Nedeljkovic (MAN), 26 saves from 29 shots - (0.897), W, 7-7-5, 60:45 minutes
Marek Mazanek (Tol), 23 saves from 27 shots - (0.852), OTL, 18-3-2, 60:47 minutes
Players Stats for Monarchs
Player Name G A P +/- PIM S H SB GA TA FO MP PP MP PK MP
------------------------------------------------------------------------------------
Andreas Martinsen 1 0 1 1 0 2 2 0 0 1 2/3 17:21 0:39 0:55
Brandon Montour 0 0 0 1 0 0 1 0 0 0 0/0 18:39 1:37 2:26
Brayden Point 0 2 2 1 2 1 1 0 1 0 11/19 18:01 1:56 0:00
Brian McGrattan 0 0 0 -1 0 1 2 1 0 0 0/0 10:14 0:43 0:56
Colton Sissons 0 0 0 -1 0 0 1 0 0 0 0/3 8:29 0:15 0:00
Elias Lindholm 0 0 0 0 0 0 0 0 0 0 4/8 12:36 1:39 0:00
Eric Gustafsson 0 0 0 0 0 0 2 0 0 1 0/0 16:03 1:37 0:00
Jacob De La Rose 0 0 0 -1 0 0 1 0 0 0 0/2 10:50 0:00 2:07
Jeff Petry 0 0 0 0 0 0 0 0 0 0 0/0 16:40 0:00 1:32
John Draeger 0 0 0 0 0 1 1 2 0 1 0/0 10:27 0:00 2:26
Keith Yandle 0 2 2 2 2 1 0 1 0 0 0/0 18:28 2:57 0:00
Luke Witkowski 0 0 0 0 0 1 3 0 0 0 2/2 14:37 0:43 2:07
Max Domi 3 0 3 -1 0 5 1 0 2 2 1/2 18:53 2:44 0:00
Morgan Rielly 0 1 1 -2 0 1 1 3 1 0 0/0 17:27 2:57 0:00
Nicolas Deslauriers 0 0 0 0 0 3 2 0 0 0 1/1 13:53 0:28 0:55
Oscar Sundqvist 0 0 0 -1 0 4 2 0 1 0 4/17 17:12 1:00 0:56
Scott Mayfield 0 0 0 0 0 0 1 0 0 0 0/0 8:01 0:00 0:00
Tom Wilson 0 1 1 -1 0 1 3 0 1 0 0/0 17:41 1:39 0:00
William Nylander 0 2 2 0 0 6 2 0 1 0 0/1 17:34 1:56 0:00
Zach Trotman 0 0 0 -3 0 0 1 0 0 0 0/0 16:02 0:00 1:32
Players Stats for Sewer Rats
Player Name G A P +/- PIM S H SB GA TA FO MP PP MP PK MP
------------------------------------------------------------------------------------
Connor Carrick 0 0 0 -1 0 0 0 0 0 0 0/0 6:41 0:00 0:08
Daniel Carr 0 0 0 0 2 2 0 1 0 1 0/0 21:37 2:02 0:43
Dmitrij Jaskin 0 0 0 -1 2 0 0 0 0 0 0/0 6:23 0:02 0:20
Erik Condra 0 1 1 0 0 4 4 0 1 0 2/2 18:36 1:54 0:51
Jarred Tinordi 0 0 0 2 0 2 2 5 0 1 0/0 25:44 2:21 2:28
Joel Edmundson 0 0 0 -1 0 0 2 0 0 0 0/0 18:28 1:37 1:58
John Ramage 0 0 0 1 0 0 0 0 0 0 0/0 10:51 0:00 0:08
Jonathan Marchessault 0 1 1 1 0 2 2 0 0 1 7/15 18:05 1:54 0:53
Joseph Blandisi 1 0 1 1 0 1 1 0 1 0 0/0 18:25 1:54 0:58
Mark Mancari 2 0 2 2 0 9 1 1 0 0 4/7 25:44 2:02 1:44
Martin Frk 0 0 0 0 0 1 0 1 0 0 0/0 13:23 0:02 0:00
Michael Dal Colle 0 0 0 0 0 0 1 0 0 1 1/1 13:15 0:00 0:41
Nick Cousins 0 0 0 -1 0 1 1 0 0 0 4/6 14:26 0:02 1:06
Ryan Murphy 0 1 1 1 2 1 0 0 0 1 0/0 12:17 0:00 1:20
Stefan Elliott 0 0 0 -1 0 0 1 1 0 0 0/0 18:07 1:37 1:58
Steven Kampfer 0 1 1 2 2 3 2 1 2 0 0/0 24:15 2:21 1:08
Vincent Trocheck 0 2 2 2 0 3 0 2 1 2 15/27 25:46 2:02 1:44
Xavier Ouellet 0 0 0 -1 0 0 0 0 0 0 0/0 6:27 0:00 0:08
3 Stars
1 - Max Domi (MAN)
2 - Mark Mancari (Tol)
3 - Andreas Martinsen (MAN)
Power Play
Monarchs - 2 on 4 Attempt(s) - 50.00%
Sewer Rats - 0 on 2 Attempt(s) - 0.00%
Penalty Kill
Monarchs - 2 on 2 Attempt(s) - 100.00%
- Score 0 goal in Penalty Kill
Sewer Rats - 2 on 4 Attempt(s) - 50.00%
- Score 0 goal in Penalty Kill
Team Stat
Monarchs - Hits : 27 - Faceoff Wins : 25 - Blocked Shots : 7 - Penalty Minutes : 4
Sewer Rats - Hits : 17 - Faceoff Wins : 33 - Blocked Shots : 12 - Penalty Minutes : 8
Official
Referees : Unknown
Linesman : Unknown
Game Notes
Max Domi has scored a Hat Trick!
Finance
Level 1 -- Attendance: 1550 (77.50%) -- Ticket Income $54,250
Level 2 -- Attendance: 682 (68.20%) -- Ticket Income $11,594
Total Attendance: 2232 (74.40%)
Total Ticket Income: $65,844
Other Income: $3,292
Total Income: $69,136
Monarchs
5 vs 5 Forward
Center Left Wing Right Wing Time % Phy DF OF
1 Oscar Sundqvist Max Domi Tom Wilson 35 1 2 2
2 Brayden Point Andreas Martinsen William Nylander 30 1 2 2
3 Elias Lindholm Nicolas Deslauriers Luke Witkowski 25 1 2 2
4 Colton Sissons Jacob De La Rose Brian McGrattan 10 1 2 2
5 vs 5 Defense
Defense Defense Time % Phy DF OF
1 Brandon Montour Keith Yandle 30 1 3 1
2 Zach Trotman Morgan Rielly 30 0 2 3
3 Jeff Petry Eric Gustafsson 30 0 3 2
4 John Draeger Scott Mayfield 10 2 3 0
PowerPlay Forward
Center Left Wing Right Wing Time % Phy DF OF
1 Brayden Point Max Domi William Nylander 60 0 1 4
2 Elias Lindholm Andreas Martinsen Tom Wilson 40 0 1 4
PowerPlay Defense
Defense Defense Time % Phy DF OF
1 Morgan Rielly Keith Yandle 60 0 3 2
2 Eric Gustafsson Brandon Montour 40 0 3 2
Penalty Kill 4 Players Forward
Center Wing Time % Phy DF OF
1 Jacob De La Rose Luke Witkowski 60 1 3 1
2 Brian McGrattan Oscar Sundqvist 40 1 3 1
Penalty Kill 4 Players Defense
Defense Defense Time % Phy DF OF
1 John Draeger Brandon Montour 60 1 4 0
2 Jeff Petry Zach Trotman 40 1 4 0
Penalty Kill - 3 Players Forward
Forward Time % Phy DF OF
1 Brian McGrattan 60 1 3 1
2 Andreas Martinsen 40 1 3 1
Penalty Kill - 3 Players Defense
Defense Defense Time % Phy DF OF
1 John Draeger Brandon Montour 60 1 4 0
2 Zach Trotman Jeff Petry 40 1 4 0
4 vs 4 Forward
Center Wing Time % Phy DF OF
1 Max Domi Tom Wilson 60 1 2 2
2 Oscar Sundqvist Andreas Martinsen 40 1 2 2
4 vs 4 Defense
Defense Defense Time % Phy DF OF
1 Morgan Rielly Keith Yandle 60 1 2 2
2 Zach Trotman Eric Gustafsson 40 1 2 2
Last Minutes Offensive
Center Left Wing Right Wing Defense Defense
Brayden Point Max Domi Tom Wilson Morgan Rielly Keith Yandle
Last Minutes Defensive
Center Left Wing Right Wing Defense Defense
Oscar Sundqvist Nicolas Deslauriers Luke Witkowski John Draeger Brandon Montour
Goaltenders
Starting : Alex Nedeljkovic
Backup : Jason Missiaen
Extra Forwards
Normal : Max Domi, Tom Wilson, William Nylander - PP : Oscar Sundqvist, Luke Witkowski - PK : Andreas Martinsen
Extra Defensemen
Normal : Keith Yandle, Brandon Montour, Morgan Rielly - PP : Keith Yandle - PK : Keith Yandle, Scott Mayfield
Penalty Shots
Elias Lindholm, Oscar Sundqvist, Colton Sissons, Andreas Martinsen, Brayden Point
Scratches
Mike Hoffman (Healthy), Brett Connolly (Healthy), Borna Rendulic (Healthy), Joe Labate (Healthy), Joel Vermin (Healthy)
Anthony Peluso (Healthy), Gustav Forsling (Healthy), Chase De Leo (Healthy), Michael Bunting (Healthy)
Sewer Rats
5 vs 5 Forward
Center Left Wing Right Wing Time % Phy DF OF
1 Vincent Trocheck Daniel Carr Mark Mancari 40 1 2 2
2 Jonathan Marchessault Joseph Blandisi Erik Condra 30 1 2 2
3 Nick Cousins Michael Dal Colle Martin Frk 20 1 2 2
4 Mark Mancari Vincent Trocheck Dmitrij Jaskin 10 1 2 2
5 vs 5 Defense
Defense Defense Time % Phy DF OF
1 Jarred Tinordi Steven Kampfer 40 1 2 2
2 Stefan Elliott Joel Edmundson 30 1 2 2
3 John Ramage Ryan Murphy 20 1 2 2
4 Connor Carrick Xavier Ouellet 10 1 2 2
PowerPlay Forward
Center Left Wing Right Wing Time % Phy DF OF
1 Vincent Trocheck Daniel Carr Mark Mancari 60 1 2 2
2 Jonathan Marchessault Joseph Blandisi Erik Condra 40 1 2 2
PowerPlay Defense
Defense Defense Time % Phy DF OF
1 Jarred Tinordi Steven Kampfer 60 1 2 2
2 Stefan Elliott Joel Edmundson 40 1 2 2
Penalty Kill 4 Players Forward
Center Wing Time % Phy DF OF
1 Mark Mancari Vincent Trocheck 60 1 2 2
2 Erik Condra Daniel Carr 40 1 2 2
Penalty Kill 4 Players Defense
Defense Defense Time % Phy DF OF
1 Jarred Tinordi Steven Kampfer 60 1 2 2
2 Stefan Elliott Joel Edmundson 40 1 2 2
Penalty Kill - 3 Players Forward
Forward Time % Phy DF OF
1 Mark Mancari 60 1 2 2
2 Vincent Trocheck 40 1 2 2
Penalty Kill - 3 Players Defense
Defense Defense Time % Phy DF OF
1 Jarred Tinordi Steven Kampfer 60 1 2 2
2 Stefan Elliott Joel Edmundson 40 1 2 2
4 vs 4 Forward
Center Wing Time % Phy DF OF
1 Mark Mancari Vincent Trocheck 60 1 2 2
2 Erik Condra Daniel Carr 40 1 2 2
4 vs 4 Defense
Defense Defense Time % Phy DF OF
1 Jarred Tinordi Steven Kampfer 60 1 2 2
2 Stefan Elliott Joel Edmundson 40 1 2 2
Last Minutes Offensive
Center Left Wing Right Wing Defense Defense
Vincent Trocheck Daniel Carr Mark Mancari Jarred Tinordi Steven Kampfer
Last Minutes Defensive
Center Left Wing Right Wing Defense Defense
Vincent Trocheck Daniel Carr Mark Mancari Jarred Tinordi Steven Kampfer
Goaltenders
Starting : Marek Mazanek
Backup : Darcy Kuemper
Extra Forwards
Normal : Martin Frk, Dmitrij Jaskin, Nick Cousins - PP : Martin Frk, Dmitrij Jaskin - PK : Nick Cousins
Extra Defensemen
Normal : John Ramage, Ryan Murphy, Connor Carrick - PP : John Ramage - PK : Ryan Murphy, Connor Carrick
Penalty Shots
Mark Mancari, Vincent Trocheck, Erik Condra, Daniel Carr, Jonathan Marchessault
Scratches
Dominik Kubalik (Healthy), Josh Archibald (Healthy), Jonathan Racine (Healthy), Tyler Motte (Healthy), Chris Calhan (Healthy)
Anthony Duclair (Healthy), Jared McCann (Healthy), Mark Friedman (Healthy), Matteson Iacopelli (Healthy), Sergei Kostenko (Healthy)
Antoine Bibeau (Healthy)
% Time on Ice - Monarchs
Lines # - Real PCT - Wanted PCT - Time Play
Normal Forward
1 - 28% - 35% - 14:30
2 - 35% - 30% - 17:49
3 - 22% - 25% - 11:00
4 - 15% - 10% - 7:42
Normal Defense
1 - 28% - 30% - 14:04
2 - 29% - 30% - 15:02
3 - 27% - 30% - 13:54
4 - 16% - 10% - 8:01
PP Forward
1 - 60% - 60% - 2:44
2 - 40% - 40% - 1:50
PP Defense
1 - 65% - 60% - 2:57
2 - 35% - 40% - 1:37
PK Forward
1 - 76% - 60% - 3:02
2 - 24% - 40% - 0:56
PK Defense
1 - 61% - 60% - 2:26
2 - 39% - 40% - 1:32
PK3 Forward
1 - 0% - 60%
2 - 0% - 40%
PK3 Defense
1 - 0% - 60%
2 - 0% - 40%
44 Forward
1 - 89% - 60% - 0:42
2 - 11% - 40% - 0:05
44 Defense
1 - 100% - 60% - 0:47
2 - 0% - 40% - 0:00
Last Minute Offensive - 0:27
Last Minute Defensive - 0:00
Total
Forward - 60:47
Defense - 60:47
|
% Time on Ice - Sewer Rats
Lines # - Real PCT - Wanted PCT - Time Play
Normal Forward
1 - 34% - 40% - 17:32
2 - 36% - 30% - 18:23
3 - 23% - 20% - 11:37
4 - 7% - 10% - 3:30
Normal Defense
1 - 40% - 40% - 20:14
2 - 28% - 30% - 14:24
3 - 21% - 20% - 10:37
4 - 11% - 10% - 5:47
PP Forward
1 - 52% - 60% - 2:04
2 - 48% - 40% - 1:54
PP Defense
1 - 59% - 60% - 2:21
2 - 41% - 40% - 1:37
PK Forward
1 - 81% - 60% - 3:43
2 - 19% - 40% - 0:51
PK Defense
1 - 57% - 60% - 2:36
2 - 43% - 40% - 1:58
PK3 Forward
1 - 0% - 60%
2 - 0% - 40%
PK3 Defense
1 - 0% - 60%
2 - 0% - 40%
44 Forward
1 - 83% - 60% - 0:39
2 - 17% - 40% - 0:08
44 Defense
1 - 83% - 60% - 0:39
2 - 17% - 40% - 0:08
Last Minute Offensive - 0:00
Last Minute Defensive - 0:26
Total
Forward - 60:47
Defense - 60:47
|
Play-by-Play
1st period
0:01 of 1st period - Vincent Trocheck wins face-off versus Oscar Sundqvist in neutral zone.
0:10 of 1st period - Wrist shot by Mark Mancari.
0:10 of 1st period - Stopped by Alex Nedeljkovic with a rebound.
0:12 of 1st period - Snap shot by Jarred Tinordi.
0:12 of 1st period - Deflect By Keith Yandle.
0:12 of 1st period - Stopped by Alex Nedeljkovic without a rebound.
0:13 of 1st period - Jonathan Marchessault wins face-off versus Brayden Point in Monarchs zone.
0:38 of 1st period - Morgan Rielly is hit by Joel Edmundson.
1:17 of 1st period - Icing by Martin Frk.
1:18 of 1st period - Oscar Sundqvist wins face-off versus Nick Cousins in Sewer Rats zone.
1:19 of 1st period - Wrist shot by Max Domi.
1:19 of 1st period - Shot Misses the Net.
2:11 of 1st period - Snap shot by Nick Cousins.
2:11 of 1st period - Shot Misses the Net.
2:13 of 1st period - Slapshot by Ryan Murphy.
2:13 of 1st period - Stopped by Alex Nedeljkovic with a rebound.
2:27 of 1st period - Wrist shot by Martin Frk.
2:27 of 1st period - Deflect By Nick Cousins.
2:27 of 1st period - Stopped by Alex Nedeljkovic without a rebound.
2:28 of 1st period - Luke Witkowski wins face-off versus Vincent Trocheck in Monarchs zone.
2:41 of 1st period - Icing by Daniel Carr.
2:42 of 1st period - Vincent Trocheck wins face-off versus Colton Sissons in Sewer Rats zone.
3:04 of 1st period - Snap shot by Mark Mancari.
3:04 of 1st period - Stopped by Alex Nedeljkovic with a rebound.
3:29 of 1st period - Slapshot by Steven Kampfer.
3:29 of 1st period - Deflect By Daniel Carr.
3:29 of 1st period - Stopped by Alex Nedeljkovic without a rebound.
3:30 of 1st period - Brayden Point wins face-off versus Jonathan Marchessault in Monarchs zone.
4:18 of 1st period - Snap shot by Tom Wilson.
4:18 of 1st period - Shot Misses the Net.
4:20 of 1st period - Snap shot by Max Domi.
4:20 of 1st period - Stopped by Marek Mazanek without a rebound.
4:21 of 1st period - Vincent Trocheck wins face-off versus Brayden Point in Sewer Rats zone.
4:21 of 1st period - Vincent Trocheck is hit by Eric Gustafsson.
5:04 of 1st period - Slapshot by Nick Cousins.
5:04 of 1st period - Shot Blocked by Keith Yandle.
6:02 of 1st period - Wrist shot by Luke Witkowski.
6:02 of 1st period - Shot Misses the Net.
6:16 of 1st period - Jarred Tinordi is hit by John Draeger and loses puck.
6:39 of 1st period - Snap shot by Martin Frk.
6:39 of 1st period - Shot Misses the Net.
6:44 of 1st period - Minor Penalty to Brayden Point for Interference.
6:45 of 1st period - Vincent Trocheck wins face-off versus Jacob De La Rose in Monarchs zone.
7:28 of 1st period - Jeff Petry is hit by Joel Edmundson and loses puck.
7:45 of 1st period - Jacob De La Rose is hit by Steven Kampfer and loses puck.
8:02 of 1st period - Wrist shot by Oscar Sundqvist.
8:02 of 1st period - Stopped by Marek Mazanek with a rebound.
8:44 of 1st period - Penalty to Brayden Point is over, Brayden Point is back on ice.
8:53 of 1st period - Icing by Zach Trotman.
8:54 of 1st period - Nick Cousins wins face-off versus Andreas Martinsen in Monarchs zone.
8:55 of 1st period - Wrist shot by Martin Frk.
8:55 of 1st period - Stopped by Alex Nedeljkovic without a rebound.
8:56 of 1st period - Oscar Sundqvist wins face-off versus Nick Cousins in Monarchs zone.
9:21 of 1st period - Vincent Trocheck is hit by Andreas Martinsen and loses puck.
9:48 of 1st period - Nicolas Deslauriers is hit by Erik Condra and loses puck.
11:10 of 1st period - Max Domi is hit by Jonathan Marchessault and loses puck.
12:18 of 1st period - Wrist shot by Colton Sissons.
12:18 of 1st period - Shot Misses the Net.
12:20 of 1st period - Wrist shot by Brandon Montour.
12:20 of 1st period - Shot Blocked by Daniel Carr.
13:08 of 1st period - Snap shot by Oscar Sundqvist.
13:08 of 1st period - Shot Misses the Net.
13:10 of 1st period - Snap shot by Oscar Sundqvist.
13:10 of 1st period - Deflect By Max Domi.
13:10 of 1st period - Stopped by Marek Mazanek without a rebound.
13:11 of 1st period - Mark Mancari wins face-off versus Oscar Sundqvist in Sewer Rats zone.
13:24 of 1st period - Snap shot by William Nylander.
13:24 of 1st period - Stopped by Marek Mazanek without a rebound.
13:25 of 1st period - Nick Cousins wins face-off versus Brayden Point in Sewer Rats zone.
13:32 of 1st period - Wrist shot by Steven Kampfer.
13:32 of 1st period - Stopped by Alex Nedeljkovic without a rebound.
13:33 of 1st period - Vincent Trocheck wins face-off versus Oscar Sundqvist in Monarchs zone.
13:36 of 1st period - Snap shot by Mark Mancari.
13:36 of 1st period - Shot Blocked by Morgan Rielly.
13:46 of 1st period - Wrist shot by Max Domi.
13:46 of 1st period - Deflect By Oscar Sundqvist.
13:46 of 1st period - Stopped by Marek Mazanek without a rebound.
13:47 of 1st period - Brayden Point wins face-off versus Vincent Trocheck in Sewer Rats zone.
14:09 of 1st period - Daniel Carr is hit by Andreas Martinsen and loses puck.
14:42 of 1st period - Snap shot by Andreas Martinsen.
14:42 of 1st period - Shot Misses the Net.
14:50 of 1st period - Snap shot by Mark Mancari.
14:50 of 1st period - Stopped by Alex Nedeljkovic without a rebound.
14:51 of 1st period - Jonathan Marchessault wins face-off versus Oscar Sundqvist in Monarchs zone.
14:52 of 1st period - Backhand shot by Erik Condra.
14:52 of 1st period - Stopped by Alex Nedeljkovic with a rebound.
14:54 of 1st period - Wrist shot by Erik Condra.
14:54 of 1st period - Deflect By Joseph Blandisi.
14:54 of 1st period - Goal by Joseph Blandisi - Monarchs : 0 - Sewer Rats : 1.
14:55 of 1st period - Jonathan Marchessault wins face-off versus Oscar Sundqvist in neutral zone.
15:32 of 1st period - Minor Penalty to Dmitrij Jaskin for Hooking.
15:33 of 1st period - Brayden Point wins face-off versus Mark Mancari in Sewer Rats zone.
15:37 of 1st period - Snap shot by Max Domi.
15:37 of 1st period - Goal by Max Domi - Monarchs : 1 - Sewer Rats : 1.
15:38 of 1st period - Elias Lindholm wins face-off versus Vincent Trocheck in neutral zone.
15:43 of 1st period - Snap shot by Nicolas Deslauriers.
15:43 of 1st period - Shot Misses the Net.
15:45 of 1st period - Wrist shot by Nicolas Deslauriers.
15:45 of 1st period - Deflect By Luke Witkowski.
15:45 of 1st period - Shot Blocked by Jarred Tinordi.
15:45 of 1st period - Puck is out of play.
15:46 of 1st period - Elias Lindholm wins face-off versus Vincent Trocheck in Sewer Rats zone.
15:51 of 1st period - Snap shot by Nicolas Deslauriers.
15:51 of 1st period - Stopped by Marek Mazanek with a rebound.
16:00 of 1st period - Minor Penalty to Steven Kampfer for Roughing.
16:01 of 1st period - Mark Mancari wins face-off versus Brayden Point in Sewer Rats zone.
16:13 of 1st period - Slapshot by Morgan Rielly.
16:13 of 1st period - Shot Blocked by Mark Mancari.
16:15 of 1st period - Slapshot by Morgan Rielly.
16:15 of 1st period - Stopped by Marek Mazanek without a rebound.
16:16 of 1st period - Brayden Point wins face-off versus Mark Mancari in Sewer Rats zone.
17:42 of 1st period - Max Domi is hit by Erik Condra and loses puck.
18:00 of 1st period - Penalty to Steven Kampfer is over, Steven Kampfer is back on ice.
18:15 of 1st period - Slapshot by Morgan Rielly.
18:15 of 1st period - Shot Blocked by Martin Frk.
18:31 of 1st period - Luke Witkowski is hit by Jonathan Marchessault and loses puck.
18:38 of 1st period - Jonathan Marchessault is hit by Nicolas Deslauriers and loses puck.
19:21 of 1st period - Stefan Elliott is hit by Tom Wilson and loses puck.
19:34 of 1st period - Steven Kampfer is hit by Scott Mayfield and loses puck.
Goals for this period are 1 for Monarchs vs 1 for Sewer Rats.
Shots for this period are 8 for Monarchs vs 11 for Sewer Rats.
2nd period
0:01 of 2nd period - Vincent Trocheck wins face-off versus Oscar Sundqvist in neutral zone.
0:06 of 2nd period - Wrist shot by Mark Mancari.
0:06 of 2nd period - Stopped by Alex Nedeljkovic without a rebound.
0:07 of 2nd period - Oscar Sundqvist wins face-off versus Vincent Trocheck in Monarchs zone.
0:31 of 2nd period - Icing by Vincent Trocheck.
0:32 of 2nd period - Vincent Trocheck wins face-off versus Brayden Point in Sewer Rats zone.
1:04 of 2nd period - Wrist shot by Jonathan Marchessault.
1:04 of 2nd period - Stopped by Alex Nedeljkovic with a rebound.
1:34 of 2nd period - Max Domi is hit by Steven Kampfer and loses puck.
2:15 of 2nd period - Slapshot by Brian McGrattan.
2:15 of 2nd period - Stopped by Marek Mazanek without a rebound.
2:16 of 2nd period - Jonathan Marchessault wins face-off versus Colton Sissons in Sewer Rats zone.
2:27 of 2nd period - Wrist shot by Erik Condra.
2:27 of 2nd period - Stopped by Alex Nedeljkovic without a rebound.
2:28 of 2nd period - Oscar Sundqvist wins face-off versus Jonathan Marchessault in Monarchs zone.
2:39 of 2nd period - Snap shot by Max Domi.
2:39 of 2nd period - Shot Misses the Net.
2:41 of 2nd period - Wrist shot by Tom Wilson.
2:41 of 2nd period - Shot Misses the Net.
3:28 of 2nd period - Slapshot by Tom Wilson.
3:28 of 2nd period - Stopped by Marek Mazanek without a rebound.
3:29 of 2nd period - Brayden Point wins face-off versus Vincent Trocheck in Sewer Rats zone.
3:32 of 2nd period - Wrist shot by Andreas Martinsen.
3:32 of 2nd period - Shot Blocked by Jarred Tinordi.
3:45 of 2nd period - Wrist shot by Vincent Trocheck.
3:45 of 2nd period - Stopped by Alex Nedeljkovic without a rebound.
3:46 of 2nd period - Nicolas Deslauriers wins face-off versus Jonathan Marchessault in Monarchs zone.
4:11 of 2nd period - Daniel Carr is hit by William Nylander and loses puck.
4:18 of 2nd period - Snap shot by William Nylander.
4:18 of 2nd period - Stopped by Marek Mazanek without a rebound.
4:19 of 2nd period - Brayden Point wins face-off versus Vincent Trocheck in Sewer Rats zone.
4:44 of 2nd period - Slapshot by Zach Trotman.
4:44 of 2nd period - Shot Misses the Net.
4:46 of 2nd period - Snap shot by Oscar Sundqvist.
4:46 of 2nd period - Stopped by Marek Mazanek without a rebound.
4:47 of 2nd period - Jonathan Marchessault wins face-off versus Oscar Sundqvist in Sewer Rats zone.
5:10 of 2nd period - Wrist shot by Jonathan Marchessault.
5:10 of 2nd period - Stopped by Alex Nedeljkovic without a rebound.
5:11 of 2nd period - Luke Witkowski wins face-off versus Vincent Trocheck in Monarchs zone.
5:13 of 2nd period - Minor Penalty to Keith Yandle for Slashing.
5:14 of 2nd period - Vincent Trocheck wins face-off versus Jacob De La Rose in Monarchs zone.
5:22 of 2nd period - Slapshot by Mark Mancari.
5:22 of 2nd period - Shot Blocked by John Draeger.
6:27 of 2nd period - Snap shot by Oscar Sundqvist.
6:27 of 2nd period - Stopped by Marek Mazanek without a rebound.
6:28 of 2nd period - Andreas Martinsen wins face-off versus Jonathan Marchessault in Sewer Rats zone.
6:33 of 2nd period - Slapshot by Nicolas Deslauriers.
6:33 of 2nd period - Stopped by Marek Mazanek without a rebound.
6:34 of 2nd period - Andreas Martinsen wins face-off versus Jonathan Marchessault in Sewer Rats zone.
6:55 of 2nd period - Vincent Trocheck is hit by Zach Trotman and loses puck.
7:02 of 2nd period - Jeff Petry is hit by Jarred Tinordi and loses puck.
7:13 of 2nd period - Penalty to Keith Yandle is over, Keith Yandle is back on ice.
7:21 of 2nd period - Jacob De La Rose is hit by Erik Condra and loses puck.
7:52 of 2nd period - Snap shot by William Nylander.
7:52 of 2nd period - Stopped by Marek Mazanek with a rebound.
8:51 of 2nd period - Icing by Oscar Sundqvist.
8:52 of 2nd period - Michael Dal Colle wins face-off versus Oscar Sundqvist in Monarchs zone.
9:13 of 2nd period - Brayden Point is hit by Michael Dal Colle and loses puck.
9:52 of 2nd period - Snap shot by Daniel Carr.
9:52 of 2nd period - Deflect By Mark Mancari.
9:52 of 2nd period - Stopped by Alex Nedeljkovic without a rebound.
9:53 of 2nd period - Vincent Trocheck wins face-off versus Colton Sissons in Monarchs zone.
9:54 of 2nd period - Snap shot by Mark Mancari.
9:54 of 2nd period - Shot Misses the Net.
10:10 of 2nd period - Vincent Trocheck is hit by Brian McGrattan.
10:22 of 2nd period - Wrist shot by Daniel Carr.
10:22 of 2nd period - Shot Blocked by Brian McGrattan.
10:57 of 2nd period - Snap shot by Vincent Trocheck.
10:57 of 2nd period - Stopped by Alex Nedeljkovic with a rebound.
11:03 of 2nd period - Snap shot by Mark Mancari.
11:03 of 2nd period - Shot Misses the Net.
11:05 of 2nd period - Wrist shot by Vincent Trocheck.
11:05 of 2nd period - Stopped by Alex Nedeljkovic with a rebound.
11:07 of 2nd period - Slapshot by Mark Mancari.
11:07 of 2nd period - Stopped by Alex Nedeljkovic with a rebound.
11:09 of 2nd period - Slapshot by Daniel Carr.
11:09 of 2nd period - Shot Misses the Net.
11:11 of 2nd period - Wrist shot by Ryan Murphy.
11:11 of 2nd period - Shot Misses the Net.
11:13 of 2nd period - Snap shot by Vincent Trocheck.
11:13 of 2nd period - Shot Blocked by Morgan Rielly.
11:15 of 2nd period - Slapshot by Mark Mancari.
11:15 of 2nd period - Goal by Mark Mancari - Monarchs : 1 - Sewer Rats : 2.
11:16 of 2nd period - Brayden Point wins face-off versus Jonathan Marchessault in neutral zone.
12:12 of 2nd period - Snap shot by Nicolas Deslauriers.
12:12 of 2nd period - Shot Misses the Net.
12:15 of 2nd period - Icing by Joseph Blandisi.
12:16 of 2nd period - Jonathan Marchessault wins face-off versus Elias Lindholm in Sewer Rats zone.
12:33 of 2nd period - Keith Yandle is hit by Stefan Elliott and loses puck.
12:40 of 2nd period - Joseph Blandisi is hit by Luke Witkowski and loses puck.
12:47 of 2nd period - Snap shot by Nicolas Deslauriers.
12:47 of 2nd period - Shot Blocked by Stefan Elliott.
12:57 of 2nd period - Snap shot by Nicolas Deslauriers.
12:57 of 2nd period - Stopped by Marek Mazanek without a rebound.
12:58 of 2nd period - Brayden Point wins face-off versus Vincent Trocheck in Sewer Rats zone.
13:02 of 2nd period - Minor Penalty to Daniel Carr for Delaying the game.
13:03 of 2nd period - Mark Mancari wins face-off versus William Nylander in Sewer Rats zone.
13:11 of 2nd period - Snap shot by Keith Yandle.
13:11 of 2nd period - Stopped by Marek Mazanek without a rebound.
13:12 of 2nd period - Brayden Point wins face-off versus Mark Mancari in Sewer Rats zone.
13:33 of 2nd period - Slapshot by Max Domi.
13:33 of 2nd period - Goal by Max Domi - Monarchs : 2 - Sewer Rats : 2.
13:34 of 2nd period - Vincent Trocheck wins face-off versus Brayden Point in neutral zone.
13:47 of 2nd period - Wrist shot by Mark Mancari.
13:47 of 2nd period - Shot Misses the Net.
13:49 of 2nd period - Snap shot by Mark Mancari.
13:49 of 2nd period - Stopped by Alex Nedeljkovic with a rebound.
13:59 of 2nd period - Erik Condra is hit by Tom Wilson and loses puck.
14:10 of 2nd period - Icing by Max Domi.
14:11 of 2nd period - Mark Mancari wins face-off versus Oscar Sundqvist in Monarchs zone.
14:56 of 2nd period - Martin Frk is hit by Luke Witkowski and loses puck.
15:01 of 2nd period - Wrist shot by Luke Witkowski.
15:01 of 2nd period - Deflect By Nicolas Deslauriers.
15:01 of 2nd period - Shot Misses the Net.
15:01 of 2nd period - Puck is out of play.
15:02 of 2nd period - Elias Lindholm wins face-off versus Vincent Trocheck in Sewer Rats zone.
15:15 of 2nd period - Keith Yandle is hit by Jarred Tinordi and loses puck.
15:37 of 2nd period - Snap shot by William Nylander.
15:37 of 2nd period - Stopped by Marek Mazanek without a rebound.
15:38 of 2nd period - Max Domi wins face-off versus Vincent Trocheck in Sewer Rats zone.
15:53 of 2nd period - Snap shot by Tom Wilson.
15:53 of 2nd period - Deflect By Max Domi.
15:53 of 2nd period - Shot Blocked by Vincent Trocheck.
15:53 of 2nd period - Puck is out of play.
15:54 of 2nd period - Erik Condra wins face-off versus Brayden Point in Sewer Rats zone.
16:09 of 2nd period - Wrist shot by Jonathan Marchessault.
16:09 of 2nd period - Shot Hit the Post.
16:19 of 2nd period - Jarred Tinordi is hit by Oscar Sundqvist and loses puck.
16:41 of 2nd period - Off-side.
16:42 of 2nd period - Nick Cousins wins face-off versus Elias Lindholm in neutral zone.
16:45 of 2nd period - Slapshot by Steven Kampfer.
16:45 of 2nd period - Stopped by Alex Nedeljkovic with a rebound.
16:47 of 2nd period - Slapshot by Michael Dal Colle.
16:47 of 2nd period - Shot Misses the Net.
17:01 of 2nd period - Michael Dal Colle is hit by Luke Witkowski and loses puck.
17:24 of 2nd period - Wrist shot by Luke Witkowski.
17:24 of 2nd period - Stopped by Marek Mazanek without a rebound.
17:25 of 2nd period - Vincent Trocheck wins face-off versus Brayden Point in Sewer Rats zone.
18:17 of 2nd period - Joel Edmundson is hit by Jacob De La Rose and loses puck.
18:49 of 2nd period - Joseph Blandisi is hit by Brayden Point and loses puck.
19:16 of 2nd period - Ryan Murphy is hit by Oscar Sundqvist and loses puck.
Goals for this period are 1 for Monarchs vs 1 for Sewer Rats.
Shots for this period are 12 for Monarchs vs 12 for Sewer Rats.
3rd period
0:01 of 3rd period - Vincent Trocheck wins face-off versus Oscar Sundqvist in neutral zone.
0:06 of 3rd period - Snap shot by Mark Mancari.
0:06 of 3rd period - Goal by Mark Mancari - Monarchs : 2 - Sewer Rats : 3.
0:07 of 3rd period - Vincent Trocheck wins face-off versus Oscar Sundqvist in neutral zone.
0:32 of 3rd period - Morgan Rielly is hit by Joseph Blandisi and loses puck.
2:18 of 3rd period - Icing by Brayden Point.
2:19 of 3rd period - Brayden Point wins face-off versus Jonathan Marchessault in Monarchs zone.
2:19 of 3rd period - Brayden Point is hit by Erik Condra.
2:27 of 3rd period - Snap shot by Erik Condra.
2:27 of 3rd period - Shot Misses the Net.
2:29 of 3rd period - Backhand shot by Jarred Tinordi.
2:29 of 3rd period - Stopped by Alex Nedeljkovic with a rebound.
2:31 of 3rd period - Slapshot by Steven Kampfer.
2:31 of 3rd period - Stopped by Alex Nedeljkovic with a rebound.
2:33 of 3rd period - Snap shot by Erik Condra.
2:33 of 3rd period - Stopped by Alex Nedeljkovic without a rebound.
2:34 of 3rd period - Brayden Point wins face-off versus Vincent Trocheck in Monarchs zone.
3:22 of 3rd period - Wrist shot by Vincent Trocheck.
3:22 of 3rd period - Shot Misses the Net.
3:30 of 3rd period - Snap shot by Andreas Martinsen.
3:30 of 3rd period - Shot Blocked by Vincent Trocheck.
3:32 of 3rd period - Slapshot by Scott Mayfield.
3:32 of 3rd period - Shot Misses the Net.
3:34 of 3rd period - Snap shot by Andreas Martinsen.
3:34 of 3rd period - Shot Blocked by Steven Kampfer.
3:36 of 3rd period - Slapshot by John Draeger.
3:36 of 3rd period - Deflect By William Nylander.
3:36 of 3rd period - Stopped by Marek Mazanek with a rebound.
4:00 of 3rd period - Vincent Trocheck is hit by William Nylander and loses puck.
4:30 of 3rd period - Snap shot by Andreas Martinsen.
4:30 of 3rd period - Shot Misses the Net.
4:32 of 3rd period - Slapshot by John Draeger.
4:32 of 3rd period - Shot Misses the Net.
4:34 of 3rd period - Slapshot by Andreas Martinsen.
4:34 of 3rd period - Shot Blocked by Jarred Tinordi.
4:36 of 3rd period - Snap shot by Andreas Martinsen.
4:36 of 3rd period - Shot Misses the Net.
4:38 of 3rd period - Slapshot by John Draeger.
4:38 of 3rd period - Shot Blocked by Jarred Tinordi.
4:46 of 3rd period - Snap shot by William Nylander.
4:46 of 3rd period - Shot Blocked by Jarred Tinordi.
4:48 of 3rd period - Snap shot by William Nylander.
4:48 of 3rd period - Stopped by Marek Mazanek with a rebound.
4:50 of 3rd period - Slapshot by Andreas Martinsen.
4:50 of 3rd period - Shot Hit the Post.
4:54 of 3rd period - Wrist shot by William Nylander.
4:54 of 3rd period - Shot Misses the Net.
5:06 of 3rd period - Wrist shot by Mark Mancari.
5:06 of 3rd period - Shot Blocked by John Draeger.
5:56 of 3rd period - Snap shot by Andreas Martinsen.
5:56 of 3rd period - Shot Misses the Net.
5:58 of 3rd period - Slapshot by John Draeger.
5:58 of 3rd period - Deflect By Steven Kampfer.
5:58 of 3rd period - Stopped by Marek Mazanek with a rebound.
6:00 of 3rd period - Wrist shot by Andreas Martinsen.
6:00 of 3rd period - Stopped by Marek Mazanek without a rebound.
6:01 of 3rd period - Jonathan Marchessault wins face-off versus Oscar Sundqvist in Sewer Rats zone.
6:14 of 3rd period - Snap shot by Erik Condra.
6:14 of 3rd period - Stopped by Alex Nedeljkovic without a rebound.
6:15 of 3rd period - Elias Lindholm wins face-off versus Jonathan Marchessault in Monarchs zone.
7:30 of 3rd period - Icing by Jonathan Marchessault.
7:31 of 3rd period - Nick Cousins wins face-off versus Oscar Sundqvist in Sewer Rats zone.
8:09 of 3rd period - Minor Penalty to Ryan Murphy for Close Hand On Puck.
8:10 of 3rd period - Erik Condra wins face-off versus Elias Lindholm in Sewer Rats zone.
9:11 of 3rd period - Michael Dal Colle is hit by Max Domi and loses puck.
10:09 of 3rd period - Penalty to Ryan Murphy is over, Ryan Murphy is back on ice.
10:26 of 3rd period - Jacob De La Rose is hit by Nick Cousins.
11:06 of 3rd period - Erik Condra is hit by Colton Sissons and loses puck.
12:24 of 3rd period - Daniel Carr is hit by Brian McGrattan and loses puck.
12:43 of 3rd period - Scott Mayfield is hit by Mark Mancari and loses puck.
12:50 of 3rd period - Vincent Trocheck is hit by Nicolas Deslauriers and loses puck.
13:32 of 3rd period - Ryan Murphy is hit by Morgan Rielly and loses puck.
14:54 of 3rd period - Martin Frk is hit by Tom Wilson and loses puck.
16:54 of 3rd period - Joseph Blandisi is hit by Brandon Montour and loses puck.
19:12 of 3rd period - Snap shot by Daniel Carr.
19:12 of 3rd period - Stopped by Alex Nedeljkovic with a rebound.
19:18 of 3rd period - Monarchs , Alex Nedeljkovic is pulled from the net.
19:18 of 3rd period - Snap shot by Brayden Point.
19:18 of 3rd period - Stopped by Marek Mazanek with a rebound.
19:20 of 3rd period - Snap shot by Max Domi.
19:20 of 3rd period - Goal by Max Domi - Monarchs : 3 - Sewer Rats : 3.
19:20 of 3rd period - Alex Nedeljkovic from Monarchs was sent back in the game.
19:21 of 3rd period - Vincent Trocheck wins face-off versus Elias Lindholm in neutral zone.
19:31 of 3rd period - Steven Kampfer is hit by Eric Gustafsson and loses puck.
Goals for this period are 1 for Monarchs vs 1 for Sewer Rats.
Shots for this period are 6 for Monarchs vs 6 for Sewer Rats.
Overtime #1
0:01 of 1st overtime period - Vincent Trocheck wins face-off versus Max Domi in neutral zone.
0:16 of 1st overtime period - Slapshot by Vincent Trocheck.
0:16 of 1st overtime period - Shot Blocked by Morgan Rielly.
0:47 of 1st overtime period - Wrist shot by Andreas Martinsen.
0:47 of 1st overtime period - Goal by Andreas Martinsen - Monarchs : 4 - Sewer Rats : 3.
Goals for this period are 1 for Monarchs vs 0 for Sewer Rats.
Shots for this period are 1 for Monarchs vs 0 for Sewer Rats.
Back to the Top